Workbook
Name Presu: #REF!

Sheet PRESUPUESTO OFICIAL
B1: PRESUPUESTO OFICIAL
B2: ADECUACIÓN Y MANTENIMIENTO DE INFRAESTRUCTURA A LAS SEDES PRIORIZADAS DE LA INSTITUCIÓN EDUCATIVA PALMAR EN AREA RURAL MUNICIPIO DE COYAIMA - TOLIMA
B3: ITEM | C3: DESCRIPCIÓN | D3: UND | E3: CANTIDADES | F3: VALOR UNITARIO | G3: VALOR TOTAL PARCIAL
B4: 1 | C4: SEDE CABILDO INDIGENA EL PALMAR
B5: 1.1 | C5: Localizacion y replanteo | D5: M2 | E5: =+'MEMORIA CALCULO'!M7 -> 47.12 | F5: =+'(APU) PRESUPUESTO '!H35 -> 2700 | G5: =+ROUND(E5*F5,0) -> 127224
B6: 1.2 | C6: Demolicion de piso en concreto y retiro de escombros | D6: M2 | E6: =+'MEMORIA CALCULO'!M10 -> 1 | F6: =+'(APU) PRESUPUESTO '!H67 -> 14500 | G6: =+ROUND(E6*F6,0) -> 14500
B7: 1.3 | C7: Excavacion material comun | D7: M3 | E7: =+'MEMORIA CALCULO'!M13 -> 6.44 | F7: =+'(APU) PRESUPUESTO '!H132 -> 32600 | G7: =+ROUND(E7*F7,0) -> 209944
B8: 1.4 | C8: Construccion de meson en concreto para la cocina | D8: ML | E8: =+'MEMORIA CALCULO'!M17 -> 3.9 | F8: =+'(APU) PRESUPUESTO '!H163 -> 75600 | G8: =+ROUND(E8*F8,0) -> 294840
B9: 1.5 | C9: Pañete sobre muro 1:4 | D9: M2 | E9: =+'MEMORIA CALCULO'!M19 -> 81.12 | F9: 29500 | G9: =+ROUND(E9*F9,0) -> 2393040
B10: 1.6 | C10: Cercha metalica calibre 18 | D10: ML | E10: =+'MEMORIA CALCULO'!M22 -> 117.2 | F10: 23000 | G10: =+ROUND(E10*F10,0) -> 2695600
B11: 1.7 | C11: Bloque H4 para nivelacion de cuchilla | D11: ML | E11: =+'MEMORIA CALCULO'!M25 -> 11.4 | F11: 63500 | G11: =+ROUND(E11*F11,0) -> 723900
B12: 1.8 | C12: Cubierta arquitectonica C=30 | D12: M2 | E12: =+'MEMORIA CALCULO'!M28 -> 57.6 | F12: 63700 | G12: =+ROUND(E12*F12,0) -> 3669120
B13: 1.9 | C13: Suministro e instalacion de puerta metalica | D13: M2 | E13: =+'MEMORIA CALCULO'!M31 -> 4 | F13: 290000 | G13: =+ROUND(E13*F13,0) -> 1160000
B14: 1.1 | C14: Suministro e instalacion de ventana metalica | D14: M2 | E14: =+'MEMORIA CALCULO'!M33 -> 3 | F14: 280000 | G14: =+ROUND(E14*F14,0) -> 840000
B15: 1.11 | C15: Suministro e instalacion de lavaplatos en acero inoxidable con secadero | D15: UND | E15: =+'MEMORIA CALCULO'!M35 -> 1 | F15: 190000 | G15: =+ROUND(E15*F15,0) -> 190000
B16: 1.12 | C16: Red hidraulica de 1" | D16: ML | E16: =+'MEMORIA CALCULO'!M37 -> 19 | F16: 8500 | G16: =+ROUND(E16*F16,0) -> 161500
B17: 1.13 | C17: Puntos electricos | D17: UND | E17: =+'MEMORIA CALCULO'!M39 -> 5 | F17: 95000 | G17: =+ROUND(E17*F17,0) -> 475000
B18: 1.14 | C18: Suministro e instalacion de tanque de 1000 litros | D18: UND | E18: =+'MEMORIA CALCULO'!M41 -> 1 | F18: =+'(APU) PRESUPUESTO '!H467 -> 869550 | G18: =+ROUND(E18*F18,0) -> 869550
B19: 1.15 | C19: Guarda escoba | D19: ML | E19: =+'MEMORIA CALCULO'!M43 -> 17.4 | F19: 12500 | G19: =+F19*E19 -> 217500
B20: 1.16 | C20: Enchape para muro | D20: M2 | E20: =+'MEMORIA CALCULO'!M46 -> 11.55 | F20: =+'(APU) PRESUPUESTO '!H533 -> 82000 | G20: =+ROUND(E20*F20,0) -> 947100
B21: 1.17 | C21: Enchape para piso | D21: M2 | E21: =+'MEMORIA CALCULO'!M49 -> 38 | F21: =+'(APU) PRESUPUESTO '!H569 -> 81200 | G21: =+ROUND(E21*F21,0) -> 3085600
B22: 1.18 | C22: Estuco para muro | D22: M2 | E22: =+'MEMORIA CALCULO'!M52 -> 45.24 | F22: 7500 | G22: =+ROUND(E22*F22,0) -> 339300
B23: 1.19 | C23: Pintura vinilo tipo 1 a tres manos | D23: M2 | E23: =+'MEMORIA CALCULO'!M55 -> 91 | F23: 15500 | G23: =+ROUND(E23*F23,0) -> 1410500
B24: 1.2 | C24: Pintura en aceite para zocalo | D24: M2 | E24: =+'MEMORIA CALCULO'!M58 -> 10.5 | F24: 16700 | G24: =+ROUND(E24*F24,0) -> 175350
B25: 1.21 | C25: Acometida electrica | D25: ML | E25: =+'MEMORIA CALCULO'!M61 -> 10 | F25: 30000 | G25: =+ROUND(E25*F25,0) -> 300000
B26: 1.22 | C26: Placa de piso E=0,08 cm | D26: M2 | E26: =+'MEMORIA CALCULO'!M63 -> 36 | F26: 65400 | G26: =+ROUND(E26*F26,0) -> 2354400
B27: 1.23 | C27: Sardinel en concreto de 3000psi | D27: ML | E27: =+'MEMORIA CALCULO'!M66 -> 18 | F27: 34500 | G27: =+ROUND(E27*F27,0) -> 621000
B28: 1.24 | C28: Perfil estrutural de 10 cm x 10 cm | D28: ML | E28: =+'MEMORIA CALCULO'!M69 -> 9 | F28: 75000 | G28: =+ROUND(E28*F28,0) -> 675000
B29: 1.25 | C29: Enchape meson | D29: ML | E29: =+'MEMORIA CALCULO'!M75 -> 7.8 | F29: 120000 | G29: =+ROUND(E29*F29,0) -> 936000
F30: SUBTOTAL | G30: =SUM(G5:G29) -> 24885968
B31: 2 | C31: SEDE DOYARE ESMERALDA
B32: 2.1 | C32: Retiro de cubierta | D32: M2 | E32: 68.25 | F32: 10500 | G32: =+ROUND(E32*F32,0) -> 716625
B33: 2.2 | C33: Suministro e instalacion de cubierta aquitectonica C=30 | D33: M2 | E33: 68.25 | F33: 65500 | G33: =+ROUND(E33*F33,0) -> 4470375
F34: SUBTOTAL | G34: =SUM(G32:G33) -> 5187000
B35: 3 | C35: SEDE PRINCIPAL EL PALMAR
B36: 3.1 | C36: Suministro e instalacion de chapa de seguridad | D36: UND | E36: 2 | F36: 123000 | G36: =+ROUND(E36*F36,0) -> 246000
B37: 3.2 | C37: Cambio de chapa de seguridad | D37: UND | E37: 4 | F37: 29500 | G37: =+ROUND(E37*F37,0) -> 118000
F38: SUBTOTAL | G38: =SUM(G36:G37) -> 364000
B39: TOTAL COSTO DIRECTO | G39: =+G38+G34+G30 -> 30436968
B40: ADMINISTRACION | F40: =+'DESGLOSE AIU'!H19 -> 0.1870633 | G40: =+F40*G39 -> 5693639.6
B41: IMPREVISTO | F41: =+'DESGLOSE AIU'!H20 -> 0.01 | G41: =+F41*G39 -> 304369.68
B42: UTILIDAD | F42: =+'DESGLOSE AIU'!H21 -> 0.05 | G42: =+F42*G39 -> 1521848.4
B43: COSTO TOTAL DE LA OBRA | G43: =+G42+G41+G40+G39 -> 37956826

Sheet ANEXO 5 - OFERTA ECONÓMICA
B1: ANEXO 5 - OFERTA ECONÓMICA
B2: ADECUACIÓN Y MANTENIMIENTO DE INFRAESTRUCTURA A LAS SEDES PRIORIZADAS DE LA INSTITUCIÓN EDUCATIVA PALMAR EN AREA RURAL MUNICIPIO DE COYAIMA - TOLIMA
B3: ITEM | C3: DESCRIPCIÓN | D3: UND | E3: CANTIDADES | F3: VALOR UNITARIO | G3: VALOR TOTAL PARCIAL
B4: 1 | C4: SEDE CABILDO INDIGENA EL PALMAR
B5: 1.1 | C5: Localizacion y replanteo | D5: M2 | E5: =+'MEMORIA CALCULO'!M7 -> 47.12
B6: 1.2 | C6: Demolicion de piso en concreto y retiro de escombros | D6: M2 | E6: =+'MEMORIA CALCULO'!M10 -> 1
B7: 1.3 | C7: Excavacion material comun | D7: M3 | E7: =+'MEMORIA CALCULO'!M13 -> 6.44
B8: 1.4 | C8: Construccion de meson en concreto para la cocina | D8: ML | E8: =+'MEMORIA CALCULO'!M17 -> 3.9
B9: 1.5 | C9: Pañete sobre muro 1:4 | D9: M2 | E9: =+'MEMORIA CALCULO'!M19 -> 81.12
B10: 1.6 | C10: Cercha metalica calibre 18 | D10: ML | E10: =+'MEMORIA CALCULO'!M22 -> 117.2
B11: 1.7 | C11: Bloque H4 para nivelacion de cuchilla | D11: ML | E11: =+'MEMORIA CALCULO'!M25 -> 11.4
B12: 1.8 | C12: Cubierta arquitectonica C=30 | D12: M2 | E12: =+'MEMORIA CALCULO'!M28 -> 57.6
B13: 1.9 | C13: Suministro e instalacion de puerta metalica | D13: M2 | E13: =+'MEMORIA CALCULO'!M31 -> 4
B14: 1.1 | C14: Suministro e instalacion de ventana metalica | D14: M2 | E14: =+'MEMORIA CALCULO'!M33 -> 3
B15: 1.11 | C15: Suministro e instalacion de lavaplatos en acero inoxidable con secadero | D15: UND | E15: =+'MEMORIA CALCULO'!M35 -> 1
B16: 1.12 | C16: Red hidraulica de 1" | D16: ML | E16: =+'MEMORIA CALCULO'!M37 -> 19
B17: 1.13 | C17: Puntos electricos | D17: UND | E17: =+'MEMORIA CALCULO'!M39 -> 5
B18: 1.14 | C18: Suministro e instalacion de tanque de 1000 litros | D18: UND | E18: =+'MEMORIA CALCULO'!M41 -> 1
B19: 1.15 | C19: Guarda escoba | D19: ML | E19: =+'MEMORIA CALCULO'!M43 -> 17.4
B20: 1.16 | C20: Enchape para muro | D20: M2 | E20: =+'MEMORIA CALCULO'!M46 -> 11.55
B21: 1.17 | C21: Enchape para piso | D21: M2 | E21: =+'MEMORIA CALCULO'!M49 -> 38
B22: 1.18 | C22: Estuco para muro | D22: M2 | E22: =+'MEMORIA CALCULO'!M52 -> 45.24
B23: 1.19 | C23: Pintura vinilo tipo 1 a tres manos | D23: M2 | E23: =+'MEMORIA CALCULO'!M55 -> 91
B24: 1.2 | C24: Pintura en aceite para zocalo | D24: M2 | E24: =+'MEMORIA CALCULO'!M58 -> 10.5
B25: 1.21 | C25: Acometida electrica | D25: ML | E25: =+'MEMORIA CALCULO'!M61 -> 10
B26: 1.22 | C26: Placa de piso E=0,08 cm | D26: M2 | E26: =+'MEMORIA CALCULO'!M63 -> 36
B27: 1.23 | C27: Sardinel en concreto de 3000psi | D27: ML | E27: =+'MEMORIA CALCULO'!M66 -> 18
B28: 1.24 | C28: Perfil estrutural de 10 cm x 10 cm | D28: ML | E28: =+'MEMORIA CALCULO'!M69 -> 9
B29: 1.25 | C29: Enchape meson | D29: ML | E29: =+'MEMORIA CALCULO'!M75 -> 7.8
B30: SUBTOTAL
B31: 2 | C31: SEDE DOYARE ESMERALDA
B32: 2.1 | C32: Retiro de cubierta | D32: M2 | E32: 68.25
B33: 2.2 | C33: Suministro e instalacion de cubierta aquitectonica C=30 | D33: M2 | E33: 68.25
B34: SUBTOTAL
B35: 3 | C35: SEDE PRINCIPAL EL PALMAR
B36: 3.1 | C36: Suministro e instalacion de chapa de seguridad | D36: UND | E36: 2
B37: 3.2 | C37: Cambio de chapa de seguridad | D37: UND | E37: 4
B38: SUBTOTAL
B39: TOTAL COSTO DIRECTO
B40: ADMINISTRACION | F40: =+'DESGLOSE AIU'!H19 -> 0.1870633
B41: IMPREVISTO | F41: =+'DESGLOSE AIU'!H20 -> 0.01
B42: UTILIDAD | F42: =+'DESGLOSE AIU'!H21 -> 0.05
B43: COSTO TOTAL DE LA OBRA

Sheet MEMORIA CALCULO
A2: ADECUACIÓN Y MANTENIMIENTO DE INFRAESTRUCTURA A LAS SEDES PRIORIZADAS DE LA INSTITUCIÓN EDUCATIVA PALMAR EN AREA RURAL MUNICIPIO DE COYAIMA - TOLIMA
A4: ITEM | B4: ACTIVIDAD | C4: UNIDADES | M4: TOTALES
A6: =+'PRESUPUESTO OFICIAL'!B4 -> 1 | B6: =+'PRESUPUESTO OFICIAL'!C4 -> SEDE CABILDO INDIGENA EL PALMAR
A7: =+'PRESUPUESTO OFICIAL'!B5 -> 1.1 | B7: =+'PRESUPUESTO OFICIAL'!C5 -> Localizacion y replanteo | C7: =+'PRESUPUESTO OFICIAL'!D5 -> M2 | D7: No. Ele | E7: Cant. | F7: Long | G7: Ancho | H7: Altura | I7: Desc | L7: Cantidad | M7: =+L9+L8 -> 47.12
B8: Area baño | F8: 9.9 | G8: 3.8 | L8: =+G8*F8 -> 37.62
B9: Red sanitaria y hidraulica | F9: 19 | G9: 0.5 | L9: =+G9*F9 -> 9.5
A10: =+'PRESUPUESTO OFICIAL'!B6 -> 1.2 | B10: =+'PRESUPUESTO OFICIAL'!C6 -> Demolicion de piso en concreto y retiro de escombros | C10: =+'PRESUPUESTO OFICIAL'!D6 -> M2 | D10: No. Ele | E10: Cant. | F10: Long | G10: Ancho | H10: Altura | I10: Desc | L10: Cantidad | M10: =+L11+L12 -> 1
B11: Demolicion piso anden | F11: 0 | G11: 3 | L11: =+F11*G11 -> 0
B12: Demolicion anden | F12: 1 | G12: 1 | L12: =+F12*G12 -> 1
A13: =+'PRESUPUESTO OFICIAL'!B7 -> 1.3 | B13: =+'PRESUPUESTO OFICIAL'!C7 -> Excavacion material comun | C13: =+'PRESUPUESTO OFICIAL'!D7 -> M3 | D13: No. Ele | E13: Cant. | F13: Long | G13: Ancho | H13: Altura | I13: Desc | L13: Cantidad | M13: =+L14+L15+L16 -> 6.44
B14: sadinel | F14: =12+3+3 -> 18 | G14: 0.2 | H14: 0.4 | L14: =+F14*G14*H14 -> 1.44
B15: red hidraulica | F15: 19 | G15: 0.5 | H15: 0.4 | L15: =+F15*G15*H15 -> 3.8
B16: Red sanitaria | F16: 6 | G16: 0.5 | H16: 0.4 | L16: =+F16*G16*H16 -> 1.2
A17: =+'PRESUPUESTO OFICIAL'!B8 -> 1.4 | B17: =+'PRESUPUESTO OFICIAL'!C8 -> Construccion de meson en concreto para la cocina | C17: =+'PRESUPUESTO OFICIAL'!D8 -> ML | D17: No. Ele | E17: Cant. | F17: Long | G17: Ancho | H17: Altura | I17: Desc | L17: Cantidad | M17: =+L18 -> 3.9
B18: Meson | F18: 3.9 | L18: =+F18 -> 3.9
A19: =+'PRESUPUESTO OFICIAL'!B9 -> 1.5 | B19: =+'PRESUPUESTO OFICIAL'!C9 -> Pañete sobre muro 1:4 | C19: =+'PRESUPUESTO OFICIAL'!D9 -> M2 | D19: No. Ele | E19: Cant. | F19: Long | G19: Ancho | H19: Altura | I19: Desc | L19: Cantidad | M19: =+L20+L21 -> 81.12
B20: Pañete sobre muro 1:4 | F20: =9.9+9.9+3.8+3.8+3.8 -> 31.2 | H20: 2.6 | L20: =+F20*H20 -> 81.12
L21: =+E21*F21 -> 0
A22: =+'PRESUPUESTO OFICIAL'!B10 -> 1.6 | B22: =+'PRESUPUESTO OFICIAL'!C10 -> Cercha metalica calibre 18 | C22: =+'PRESUPUESTO OFICIAL'!D10 -> ML | D22: No. Ele | E22: Cant. | F22: Long | G22: Ancho | H22: Altura | I22: Desc | L22: Cantidad | M22: =+L23+L24 -> 117.2
B23: Cercha longitudinal | E23: 9 | F23: =9.9+0.3+0.3+0.3 -> 10.8 | L23: =+F23*E23 -> 97.2
B24: Cercha transversal | E24: 5 | F24: 4 | L24: =+E24*F24 -> 20
A25: =+'PRESUPUESTO OFICIAL'!B11 -> 1.7 | B25: =+'PRESUPUESTO OFICIAL'!C11 -> Bloque H4 para nivelacion de cuchilla | C25: =+'PRESUPUESTO OFICIAL'!D11 -> ML | D25: No. Ele | E25: Cant. | F25: Long | G25: Ancho | H25: Altura | I25: Desc | L25: Cantidad | M25: =ROUND(SUM(L26:L26),2) -> 11.4
B26: Muro en bloque H4 | E26: 3 | F26: 3.8 | L26: =+F26*E26 -> 11.4
A28: =+'PRESUPUESTO OFICIAL'!B12 -> 1.8 | B28: =+'PRESUPUESTO OFICIAL'!C12 -> Cubierta arquitectonica C=30 | C28: =+'PRESUPUESTO OFICIAL'!D12 -> M2 | D28: No. Ele | E28: Cant. | F28: Long | G28: Ancho | H28: Altura | I28: Desc | L28: Cantidad | M28: =+L29+L30 -> 57.6
B29: Cubierta | F29: 4.8 | G29: 12 | L29: =+F29*G29 -> 57.6
L30: =+E30*F30 -> 0
A31: =+'PRESUPUESTO OFICIAL'!B13 -> 1.9 | B31: =+'PRESUPUESTO OFICIAL'!C13 -> Suministro e instalacion de puerta metalica | C31: =+'PRESUPUESTO OFICIAL'!D13 -> M2 | D31: No. Ele | E31: Cant. | F31: Long | G31: Ancho | H31: Altura | I31: Desc | L31: Cantidad | M31: =ROUND(SUM(L32),2) -> 4
B32: Puerta metalica | E32: 2 | F32: 2 | G32: 1 | J32: =+G32*F32 -> 2 | L32: =+J32*E32 -> 4
A33: =+'PRESUPUESTO OFICIAL'!B14 -> 1.1 | B33: =+'PRESUPUESTO OFICIAL'!C14 -> Suministro e instalacion de ventana metalica | C33: =+'PRESUPUESTO OFICIAL'!D14 -> M2 | D33: No. Ele | E33: Cant. | F33: Long | G33: Ancho | H33: Altura | I33: Desc | L33: Cantidad | M33: =+L34 -> 3
B34: Ventana | E34: 2 | F34: 1.5 | G34: 1 | J34: =+F34*G34 -> 1.5 | L34: =+J34*E34 -> 3
A35: =+'PRESUPUESTO OFICIAL'!B15 -> 1.11 | B35: =+'PRESUPUESTO OFICIAL'!C15 -> Suministro e instalacion de lavaplatos en acero inoxidable con secadero | C35: =+'PRESUPUESTO OFICIAL'!D15 -> UND | D35: No. Ele | E35: Cant. | F35: Long | G35: Ancho | H35: Altura | I35: Desc | L35: Cantidad | M35: =+L36 -> 1
B36: Lavaplatos | E36: 1 | L36: =+E36 -> 1
A37: =+'PRESUPUESTO OFICIAL'!B16 -> 1.12 | B37: =+'PRESUPUESTO OFICIAL'!C16 -> Red hidraulica de 1" | C37: =+'PRESUPUESTO OFICIAL'!D16 -> ML | D37: No. Ele | E37: Cant. | F37: Long | G37: Ancho | H37: Altura | I37: Desc | L37: Cantidad | M37: =+L38 -> 19
B38: Red hidraulica de 1" | E38: 19 | L38: =+E38 -> 19
A39: =+'PRESUPUESTO OFICIAL'!B17 -> 1.13 | B39: =+'PRESUPUESTO OFICIAL'!C17 -> Puntos electricos | C39: =+'PRESUPUESTO OFICIAL'!D17 -> UND | D39: No. Ele | E39: Cant. | F39: Long | G39: Ancho | H39: Altura | I39: Desc | L39: Cantidad | M39: =+L40 -> 5
B40: Puntos electricos | E40: 5 | L40: =+E40 -> 5
A41: =+'PRESUPUESTO OFICIAL'!B18 -> 1.14 | B41: =+'PRESUPUESTO OFICIAL'!C18 -> Suministro e instalacion de tanque de 1000 litros | C41: =+'PRESUPUESTO OFICIAL'!D18 -> UND | D41: No. Ele | E41: Cant. | F41: Long | G41: Ancho | H41: Altura | I41: Desc | L41: Cantidad | M41: =+L42 -> 1
B42: Tanque 1000 | E42: 1 | L42: =+E42 -> 1
A43: =+'PRESUPUESTO OFICIAL'!B19 -> 1.15 | B43: =+'PRESUPUESTO OFICIAL'!C19 -> Guarda escoba | C43: =+'PRESUPUESTO OFICIAL'!D19 -> ML | D43: No. Ele | E43: Cant. | F43: Long | G43: Ancho | H43: Altura | I43: Desc | L43: Cantidad | M43: =+L44+L45 -> 17.4
B44: Guarda escoba | F44: =5.9+3.8+4.9+2.8 -> 17.4 | L44: =+F44 -> 17.4
L45: =+F45*G45 -> 0
A46: =+'PRESUPUESTO OFICIAL'!B20 -> 1.16 | B46: =+'PRESUPUESTO OFICIAL'!C20 -> Enchape para muro | C46: UND | D46: No. Ele | E46: Cant. | F46: Long | G46: Ancho | H46: Altura | I46: Desc | L46: Cantidad | M46: =+L47+L48 -> 11.55
B47: Enchape muro | F47: =3.9+3.8 -> 7.7 | H47: 1.5 | L47: =+F47*H47 -> 11.55
A49: =+'PRESUPUESTO OFICIAL'!B21 -> 1.17 | B49: =+'PRESUPUESTO OFICIAL'!C21 -> Enchape para piso | C49: M2 | D49: No. Ele | E49: Cant. | F49: Long | G49: Ancho | H49: Altura | I49: Desc | L49: Cantidad | M49: =+L50+L51 -> 38
B50: Enchape piso | F50: 10 | G50: 3.8 | L50: =+F50*G50 -> 38
L51: =+F51*G51 -> 0
A52: =+'PRESUPUESTO OFICIAL'!B22 -> 1.18 | B52: =+'PRESUPUESTO OFICIAL'!C22 -> Estuco para muro | C52: M2 | D52: No. Ele | E52: Cant. | F52: Long | G52: Ancho | H52: Altura | I52: Desc | L52: Cantidad | M52: =+L53+L54 -> 45.24
B53: Estuco | F53: =5.9+3.8+2.8+4.9 -> 17.4 | H53: 2.6 | L53: =+F53*H53 -> 45.24
L54: =+C54*E54 -> 0
A55: =+'PRESUPUESTO OFICIAL'!B23 -> 1.19 | B55: =+'PRESUPUESTO OFICIAL'!C23 -> Pintura vinilo tipo 1 a tres manos | C55: M2 | D55: No. Ele | E55: Cant. | F55: Long | G55: Ancho | H55: Altura | I55: Desc | L55: Cantidad | M55: =+L56+L57 -> 91
B56: Pintura | F56: =9.9+9.9+3.8+3.8+3.8+3.8 -> 35 | H56: 2.6 | L56: =+F56*H56 -> 91
L57: =+E57*F57*G57 -> 0
A58: =+'PRESUPUESTO OFICIAL'!B24 -> 1.2 | B58: =+'PRESUPUESTO OFICIAL'!C24 -> Pintura en aceite para zocalo | C58: =+'PRESUPUESTO OFICIAL'!D28 -> ML | D58: No. Ele | E58: Cant. | F58: Long | G58: Ancho | H58: Altura | I58: Desc | L58: Cantidad | M58: =+L59 -> 10.5
B59: Pintura | F59: =+F56 -> 35 | H59: 0.3 | L59: =+F59*H59 -> 10.5
L60: =+E60 -> 0
A61: ='PRESUPUESTO OFICIAL'!B25 -> 1.21 | B61: =+'PRESUPUESTO OFICIAL'!C25 -> Acometida electrica | C61: UND | D61: No. Ele | E61: Cant. | F61: Long | G61: Ancho | H61: Altura | I61: Desc | L61: Cantidad | M61: =+L62 -> 10
B62: Acometida | F62: 10 | L62: =+F62 -> 10
A63: =+'PRESUPUESTO OFICIAL'!B26 -> 1.22 | B63: =+'PRESUPUESTO OFICIAL'!C26 -> Placa de piso E=0,08 cm | C63: =+'PRESUPUESTO OFICIAL'!#REF! -> #REF! | D63: No. Ele | E63: Cant. | F63: Long | G63: Ancho | H63: Altura | I63: Desc | L63: Cantidad | M63: =+L64+L65 -> 36
B64: Placa de piso E=0,08 cm | F64: 0 | G64: 3.8 | L64: =+F64*G64 -> 0
F65: 12 | G65: 3 | L65: =+F65*G65 -> 36
A66: =+'PRESUPUESTO OFICIAL'!B27 -> 1.23 | B66: =+'PRESUPUESTO OFICIAL'!C27 -> Sardinel en concreto de 3000psi | C66: =+'PRESUPUESTO OFICIAL'!#REF! -> #REF! | D66: No. Ele | E66: Cant. | F66: Long | G66: Ancho | H66: Altura | I66: Desc | L66: Cantidad | M66: =+L67+L68 -> 18
B67: Sardinel en concreto de 3000psi | F67: =12+3+3 -> 18 | L67: =+F67 -> 18
A69: =+'PRESUPUESTO OFICIAL'!B28 -> 1.24 | B69: =+'PRESUPUESTO OFICIAL'!C28 -> Perfil estrutural de 10 cm x 10 cm | C69: M2 | D69: No. Ele | E69: Cant. | F69: Long | G69: Ancho | H69: Altura | I69: ML | J69: PESO KG | L69: Cantidad | M69: =+L70 -> 9
B70: Perfil estrutural de 10 cm x 10 cm | E70: 3 | F70: 3 | L70: =+E70*F70 -> 9
J71: 1 | L71: =+J71*I71 -> 0
I72: =+E72*F72 -> 0 | J72: 0.56 | L72: =+J72*I72 -> 0
I73: =+E73*F73 -> 0 | J73: 0.56 | L73: =+J73*I73 -> 0
A75: =+'PRESUPUESTO OFICIAL'!B29 -> 1.25 | B75: =+'PRESUPUESTO OFICIAL'!C29 -> Enchape meson | C75: =+'PRESUPUESTO OFICIAL'!#REF! -> #REF! | D75: No. Ele | E75: Cant. | F75: Long | G75: Ancho | H75: Altura | I75: Desc | L75: Cantidad | M75: =+L76+L77 -> 7.8
B76: Piso unidad saniatria | E76: 2 | F76: 3.9 | L76: =+F76*E76 -> 7.8
B77: Piso anden | L77: =+G77*F77 -> 0
L78: =+G78*F78 -> 0

Sheet (APU) PRESUPUESTO 
B2: ADECUACIÓN Y MANTENIMIENTO DE INFRAESTRUCTURA A LAS SEDES PRIORIZADAS DE LA INSTITUCIÓN EDUCATIVA PALMAR EN AREA RURAL MUNICIPIO DE COYAIMA - TOLIMA
J3: SALARIO OFICAL | K3: 2700230 | L3: =+K3/30 -> 90007.667 | M3: =+L3/8 -> 11250.958
J4: SALARIO OFIUCAL ALBAÑIL | K4: 2610000 | L4: =+K4/30 -> 87000 | M4: =+L4/8 -> 10875
B5: ANÁLISIS DE PRECIOS UNITARIOS | J5: SAARIO AYUDANTE | K5: 1500000 | L5: =+K5/30 -> 50000 | M5: =+L5/8 -> 6250
B7: =+'PRESUPUESTO OFICIAL'!C5 -> Localizacion y replanteo | G7: ITEM: | H7: =+'PRESUPUESTO OFICIAL'!B5 -> 1.1
G8: UNIDAD: | H8: =+'PRESUPUESTO OFICIAL'!D5 -> M2 | J8: CUADRILLA A-A UN OFICIAL Y DOS AYUDANTES | K8: =+M3+M5+M5 -> 23750.958 | O8: CUADRILLA B-B UN OFICIAL Y TRES AYUDANTES | P8: =+M3+M5+M5+M5 -> 30000.958
B9: I. EQUIPO
B10: Descripción | D10: Tipo | E10: Tarifa/Hora | F10: Rendimiento | G10: Valor-Unit.
B11: HERRAMIENTA MENOR (5%) | D11: % | G11: =((H33+H23)*0.05)+84 -> 208.57143
G12: =+F12*E12 -> 0
G14: Sub-Total | H14: =SUM(G11:G12) -> 208.57143
B15: II. MATERIALES EN OBRA
B16: Descripción | D16: Unidad | E16: Precio-Unit. | F16: Cantidad | G16: Valor-Unit.
B17: Puntillas | D17: lbr | E17: 4500 | F17: 0.05 | G17: =+F17*E17 -> 225
B18: Madera medio cerco | D18: ml | E18: 2000 | F18: 0.05 | G18: =+F18*E18 -> 100
B19: Alambre negro galvanizado No. 18 | D19: kg | E19: 7500 | F19: 0.05 | G19: =+F19*E19 -> 375
G20: =+F20*E20 -> 0
G21: =+F21*E21 -> 0
G23: Sub-Total | H23: =SUM(G17:G22) -> 700
B24: III. TRANSPORTES
B25: Material | D25: Distancia (KM) | E25: Cantidad (M3) | F25: Tarifa/M3-Km | G25: Valor-Unit.
G28: Sub-Total | H28: =SUM(G26:G27) -> 0
B29: IV. MANO DE OBRA
B30: Trabajador | C30: Hora | E30: Rendimiento | G30: Valor-Unit.
B31: =+J8 -> CUADRILLA A-A UN OFICIAL Y DOS AYUDANTES | C31: =+K8 -> 23750.958 | E31: 0.075425528 | G31: =E31*C31 -> 1791.4286
G33: Sub-Total | H33: =SUM(G31:G32) -> 1791.4286
E35: Total Costo Directo | H35: =H14+H23+H28+H33 -> 2700
B38: ANÁLISIS DE PRECIOS UNITARIOS
B40: =+'PRESUPUESTO OFICIAL'!C6 -> Demolicion de piso en concreto y retiro de escombros | G40: ITEM: | H40: =+'PRESUPUESTO OFICIAL'!B6 -> 1.2
G41: UNIDAD: | H41: =+'PRESUPUESTO OFICIAL'!D6 -> M2
B42: I. EQUIPO
B43: Descripción | D43: Tipo | E43: Tarifa/Hora | F43: Rendimiento | G43: Valor-Unit.
B44: HERRAMIENTA MENOR (5%) | D44: % | G44: =((H65+H55)*0.05)+84 -> 770.47619
G47: Sub-Total | H47: =SUM(G44:G45) -> 770.47619
B48: II. MATERIALES EN OBRA
B49: Descripción | D49: Unidad | E49: Precio-Unit. | F49: Cantidad | G49: Valor-Unit.
G50: =+F50*E50 -> 0
G51: =+F51*E51 -> 0
G52: =+F52*E52 -> 0
G53: =+F53*E53 -> 0
G55: Sub-Total | H55: =SUM(G50:G54) -> 0
B56: III. TRANSPORTES
B57: Material | D57: Distancia (KM) | E57: Cantidad (M3) | F57: Tarifa/M3-Km | G57: Valor-Unit.
G60: Sub-Total | H60: =SUM(G58:G59) -> 0
B61: IV. MANO DE OBRA
B62: Trabajador | C62: Hora | E62: Rendimiento | G62: Valor-Unit.
B63: =+O8 -> CUADRILLA B-B UN OFICIAL Y TRES AYUDANTES | C63: =+P8 -> 30000.958 | E63: 0.45763617 | G63: =+E63*C63 -> 13729.524
G65: Sub-Total | H65: =SUM(G63:G64) -> 13729.524
E67: Total Costo Directo | H67: =H47+H55+H60+H65 -> 14500
B70: ANÁLISIS DE PRECIOS UNITARIOS
B72: =+'PRESUPUESTO OFICIAL'!#REF! -> #REF! | G72: ITEM: | H72: =+'PRESUPUESTO OFICIAL'!#REF! -> #REF!
G73: UNIDAD: | H73: =+'PRESUPUESTO OFICIAL'!#REF! -> #REF!
B74: I. EQUIPO
B75: Descripción | D75: Tipo | E75: Tarifa/Hora | F75: Rendimiento | G75: Valor-Unit.
B76: HERRAMIENTA MENOR (5%) | D76: % | G76: =((H98+H88)*0.05)+84 -> 785.00958
B77: HIDRO LAVADORA | D77: HORA | E77: 17500 | F77: 0.05 | G77: 5666.9011
G78: =+F77*E77 -> 875
G80: Sub-Total | H80: =SUM(G76:G78) -> 7326.9107
B81: II. MATERIALES EN OBRA
B82: Descripción | D82: Unidad | E82: Precio-Unit. | F82: Cantidad | G82: Valor-Unit.
B84: DETERGENTE | D84: KG | E84: 25600 | F84: 0.15 | G84: =+F84*E84 -> 3840
B85: ACIDO LIMPIADPOR | D85: GL | E85: 35800 | F85: 0.1 | G85: =+F85*E85 -> 3580
B86: ESTOPA | D86: KG | E86: 18500 | F86: 0.1 | G86: =+F86*E86 -> 1850
G88: Sub-Total | H88: =SUM(G83:G87) -> 9270
B89: III. TRANSPORTES
B90: Material | D90: Distancia (KM) | E90: Cantidad (M3) | F90: Tarifa/M3-Km | G90: Valor-Unit.
G93: Sub-Total | H93: =SUM(G91:G92) -> 0
B94: IV. MANO DE OBRA
B95: Trabajador | C95: Hora | E95: Rendimiento | G95: Valor-Unit.
B96: =+J8 -> CUADRILLA A-A UN OFICIAL Y DOS AYUDANTES | C96: =+K8 -> 23750.958 | E96: 0.2 | G96: =E96*C96 -> 4750.1917
G98: Sub-Total | H98: =SUM(G96:G97) -> 4750.1917
E100: Total Costo Directo | H100: =H80+H88+H93+H98 -> 21347.102
B103: ANÁLISIS DE PRECIOS UNITARIOS
B105: =+'PRESUPUESTO OFICIAL'!C7 -> Excavacion material comun | G105: ITEM: | H105: =+'PRESUPUESTO OFICIAL'!B7 -> 1.3
G106: UNIDAD: | H106: =+'PRESUPUESTO OFICIAL'!D7 -> M3
B107: I. EQUIPO
B108: Descripción | D108: Tipo | E108: Tarifa/Hora | F108: Rendimiento | G108: Valor-Unit.
B109: HERRAMIENTA MENOR (5%) | D109: % | G109: =((H130+H120)*0.05)+84 -> 1632.381
G110: =+E110*F110 -> 0
G112: Sub-Total | H112: =SUM(G109:G110) -> 1632.381
B113: II. MATERIALES EN OBRA
B114: Descripción | D114: Unidad | E114: Precio-Unit. | F114: Cantidad | G114: Valor-Unit.
G120: Sub-Total | H120: =SUM(G115:G119) -> 0
B121: III. TRANSPORTES
B122: Material | D122: Distancia (KM) | E122: Cantidad (M3) | F122: Tarifa/M3-Km | G122: Valor-Unit.
G125: Sub-Total | H125: =SUM(G123:G124) -> 0
B126: IV. MANO DE OBRA
B127: Trabajador | C127: Hora | E127: Rendimiento | G127: Valor-Unit.
B128: =+J8 -> CUADRILLA A-A UN OFICIAL Y DOS AYUDANTES | C128: =+K8 -> 23750.958 | E128: 1.3038471 | G128: =E128*C128 -> 30967.619
G130: Sub-Total | H130: =SUM(G128:G129) -> 30967.619
E132: Total Costo Directo | H132: =H112+H120+H125+H130 -> 32600
B135: ANÁLISIS DE PRECIOS UNITARIOS
B137: =+'PRESUPUESTO OFICIAL'!C8 -> Construccion de meson en concreto para la cocina | G137: ITEM: | H137: =+'PRESUPUESTO OFICIAL'!B8 -> 1.4
G138: UNIDAD: | H138: =+'PRESUPUESTO OFICIAL'!D8 -> ML
B139: I. EQUIPO
B140: Descripción | D140: Tipo | E140: Tarifa/Hora | F140: Rendimiento | G140: Valor-Unit.
B141: HERRAMIENTA MENOR (5%) | D141: =VLOOKUP(B141,'[1]INSUMOS 2022'!$C$2:$E$4842,2,FALSE) -> % | G141: =(H162+H152)*0.05 -> 2564.2857
B142: Mezcladora de 1/2 bulto | D142: dia | E142: 35000 | F142: 0.05 | G142: =+F142*E142 -> 1750
G144: Sub-Total | H144: =SUM(G141:G143) -> 4314.2857
B145: II. MATERIALES EN OBRA
...

Sheet SALARIO RESIDENTE 
E19: Fuente: | F19: https://co.computrabajo.com/salarios/residente-de-obra

Sheet DESGLOSE AIU
B2: CALCULO DE LA ADMINISTRACION, IMPREVISTOS Y UTILIDADES
B3: CONCEPTO | D3: V.M./CON PRESTACIONES | E3: Dedicación | F3: Duración de la obra (Meses) | G3: V.PARCIAL | H3: %
B4: COSTO DIRECTO | H4: =+'PRESUPUESTO OFICIAL'!G39 -> 30436968
B5: COSTOS INDIRECTOS
B6: ADMINISTRACION
B7: SALARIOS PERSONAL DE OBRA | G7: =+G9+G8 -> 1112876 | H7: =+G7/H4 -> 0.036563299
B8: 1 | C8: RESIDENTE DE OBRA | D8: 3015924 | E8: 0.369 | F8: 1 | G8: =+D8*E8*F8*B8 -> 1112876
B10: GASTOS DE LEGALIZACION E IMPUESTOS | D10: Valor | F10: % | G10: =SUM(G11:G17) -> 4580763.7 | H10: =+G10/H4 -> 0.1505
B11: Impuesto de seguridad Democratica | D11: =+'PRESUPUESTO OFICIAL'!G39 -> 30436968 | F11: 0.05 | G11: =+D11*F11 -> 1521848.4
B12: Estampillas Departamental | D12: =+D11 -> 30436968 | F12: 0.05 | G12: =+D12*F12 -> 1521848.4
B13: Poliza Cumplimiento | D13: =+D12 -> 30436968 | F13: 0.01 | G13: =+D13*F13 -> 304369.68
B14: Retefuente | D14: =+D13 -> 30436968 | F14: 0.02 | G14: =+D14*F14 -> 608739.36
B15: Rete ICA | D15: =+D14 -> 30436968 | F15: 0.01 | G15: =+D15*F15 -> 304369.68
B16: Tasa bomberil | D16: =G15 -> 304369.68 | F16: 0.05 | G16: =+D16*F16 -> 15218.484
B17: Tasa FIC - SENA | D17: =+H4 -> 30436968 | F17: 0.01 | G17: =+D17*F17 -> 304369.68
B19: A | C19: ADMINISTRACION | H19: =+H7+H10 -> 0.1870633
B20: I | C20: IMPREVISTOS | H20: 0.01
B21: U | C21: UTILIDAD | H21: 0.05
B22: A.I.U. | H22: =SUM(H19:H21) -> 0.2470633

Sheet CRONOGRAMA DE OBRA 
B2: =+'PRESUPUESTO OFICIAL'!B2:G2 -> ADECUACIÓN Y MANTENIMIENTO DE INFRAESTRUCTURA A LAS SEDES PRIORIZADAS DE LA INSTITUCIÓN EDUCATIVA PALMAR EN AREA RURAL MUNICIPIO DE COYAIMA - TOLIMA
B3: ITEM | C3: DESCRIPCIÓN | D3: UND | E3: CANTIDADES | F3: CRONOGRAMA EJECUCION (DIAS)
B4: 1 | C4: =+'MEMORIA CALCULO'!B6 -> SEDE CABILDO INDIGENA EL PALMAR | F4: 1 | G4: 2 | H4: 3 | I4: 4 | J4: 5 | K4: 6 | L4: 7 | M4: 8 | N4: 9 | O4: 10 | P4: 11 | Q4: 12 | R4: 13 | S4: 14 | T4: 15 | U4: 16 | V4: 17 | W4: 18 | X4: 19 | Y4: 20 | Z4: 21 | AA4: 22 | AB4: 23 | AC4: 24 | AD4: 25 | AE4: 26 | AF4: 27 | AG4: 28 | AH4: 29 | AI4: 30
B5: 1.1 | C5: Localizacion y replanteo | D5: M2 | E5: =+'PRESUPUESTO OFICIAL'!E5 -> 47.12
B6: 1.2 | C6: Demolicion de piso en concreto y retiro de escombros | D6: M2 | E6: =+'PRESUPUESTO OFICIAL'!E6 -> 1
B7: 1.3 | C7: Excavacion material comun | D7: M3 | E7: =+'PRESUPUESTO OFICIAL'!E7 -> 6.44
B8: 1.4 | C8: Zapatas en concreto de 3000psi | D8: UND | E8: =+'PRESUPUESTO OFICIAL'!E8 -> 3.9
B9: 1.5 | C9: Viga Cimentacion en concreto de 3000psi seccion 0,20 cm x 0,20 cm | D9: ML | E9: =+'PRESUPUESTO OFICIAL'!E9 -> 81.12
B10: 1.6 | C10: Columnas en concreto de 3000psi seccion 0,12 cm x 0,12 cm | D10: ML | E10: =+'PRESUPUESTO OFICIAL'!E10 -> 117.2
B11: 1.7 | C11: Muro en bloque H4 | D11: M2 | E11: =+'PRESUPUESTO OFICIAL'!E11 -> 11.4
B12: 1.8 | C12: Viga superior en concreto 3000psi seccion 0,12 cm x 0,12 cm | D12: ML | E12: =+'PRESUPUESTO OFICIAL'!E12 -> 57.6
B13: 1.9 | C13: Pañete sobre muro 1:4 | D13: M2 | E13: =+'PRESUPUESTO OFICIAL'!E13 -> 4
B14: 1.1 | C14: Construccion de placa facil | D14: M2 | E14: =+'PRESUPUESTO OFICIAL'!E14 -> 3
B15: 1.11 | C15: Suministro e instalacion sanitario infantil | D15: UND | E15: =+'PRESUPUESTO OFICIAL'!E15 -> 1
B16: 1.12 | C16: Suministro e instalacion de orinal de pared | D16: UND | E16: =+'PRESUPUESTO OFICIAL'!E16 -> 19
... B29: 1.25 | C29: Construccion placa de piso E=0,08 cm | D29: M2 | E29: =+'PRESUPUESTO OFICIAL'!E29 -> 7.8
B30: 1.26 | C30: Construccion de caja de inspeccion seccion 0,40 cm x 0,40 cm | D30: UND | E30: =+'PRESUPUESTO OFICIAL'!#REF! -> #REF!
